 Dungeon Crawl Stone Soup version 0.20.1-1-g8b1a95d (webtiles) character file.

6929 Gremour the Slasher (level 10, -9/81 HPs)
             Began as a Demigod Skald on Oct 10, 2017.
             Killed from afar by an orc wizard (11 damage)
             ... with a puff of frost
             ... on level 10 of the Dungeon.
             The game lasted 01:12:34 (10323 turns).

Gremour the Slasher (Demigod Skald)                Turns: 10323, Time: 01:12:35

Health: -9/81      AC: 18    Str: 21 (22) XL:     10   Next: 51%
Magic:  12/19      EV: 21    Int: 17      God:
Gold:   172        SH:  0    Dex: 24      Spells: 7/16 levels left

rFire    + . .     SeeInvis .   b - +1 great mace of the Six Songs {crush, rN+}
rCold    . . .     Gourm    .   (shield currently unavailable)
rNeg     + . .     Faith    .   F - +1 robe {MR+}
rPois    .         Spirit   .   z - +2 helmet
rElec    .         Reflect  .   C - +2 cloak
rCorr    .         Harm     .   l - +1 pair of gloves
MR       ++...                  J - +0 pair of boots
Stlth    +++.......             k - amulet of magic regeneration
Regen    1.3/turn               D - +4 ring of strength
MPRegen  0.3/turn               x - ring of protection from fire

@: agile, icy armour, singing, regenerating (expiring), slow
A: blurry vision 1, deformed body, high mp 1, strong 1
a: no special abilities


You were on level 10 of the Dungeon.
You were not hungry.

You visited 2 branches of the dungeon, and saw 11 of its levels.

You collected 612 gold pieces.
You spent 440 gold pieces at shops.

Inventory:

Hand Weapons
 a - a +1 great sword
 b - the +1 great mace of the Six Songs (weapon) {crush, rN+}
   (You bought it in a shop on level 6 of the Dungeon)

   It inflicts extra damage upon your enemies.
   It protects you from negative energy.
 f - a +2 hand axe of freezing
 h - a +1 falchion of flaming
 E - a +3 scimitar
 H - a +0 short sword of electrocution
Missiles
 q - 14 javelins (quivered)
Armour
 l - a +1 pair of gloves (worn)
 z - a +2 helmet (worn)
 C - a +2 cloak (worn)
 F - a +1 robe of magic resistance (worn)
 G - a +1 plate armour of cold resistance
 J - a +0 pair of boots (worn)
Magical Staves
 m - an uncursed staff of cold
Jewellery
 j - an uncursed ring of protection from cold
 k - an amulet of magic regeneration (around neck)
 o - an uncursed ring of flight
 x - a ring of protection from fire (right hand)
 D - a +4 ring of strength (left hand)
Wands
 r - a wand of flame (39/48)
 w - a wand of random effects (38/48)
 y - a wand of paralysis (18/24)
Scrolls
 e - 5 scrolls of immolation
 i - 2 scrolls of identify
 n - a scroll of fog
 u - 3 scrolls of remove curse
 v - 3 scrolls of magic mapping
 A - a scroll of recharging {unknown}
 B - 2 scrolls of amnesia
Potions
 t - 2 potions of agility
Books
 c - a book of Battle

   Spells                             Type                      Level
   a - Infusion                       Charms                       1
   b - Shroud of Golubria             Charms/Translocation         2
   c - Song of Slaying                Charms                       2
   d - Spectral Weapon                Hexes/Charms                 3
   e - Regeneration                   Charms/Necromancy            3
 p - a book of Frost

   Spells                             Type                      Level
   a - Freeze                         Ice                          1
   b - Throw Frost                    Conjuration/Ice              2
   c - Ozocubu's Armour               Charms/Ice                   3
   d - Throw Icicle                   Conjuration/Ice              4
   e - Summon Ice Beast               Ice/Summoning                4
Comestibles
 d - 4 bread rations
 g - 10 royal jellies
 s - 15 fruits
 I - 4 meat rations
 K - a chunk of flesh


   Skills:
 + Level 5.3 Fighting
 + Level 7.0 Long Blades
 * Level 5.6 Maces & Flails
 * Level 6.2 Armour
 + Level 5.1 Dodging
 - Level 1.6 Stealth
 + Level 3.8 Spellcasting
 + Level 4.9 Charms
 + Level 4.0 Necromancy
 * Level 3.0 Ice Magic


You had 7 spell levels left.
You knew the following spells:

 Your Spells              Type           Power        Failure   Level  Hunger
a - Infusion              Chrm           ###.         2%          1    None
o - Ozocubu's Armour      Chrm/Ice       ###.....     10%         3    ###....
r - Regeneration          Chrm/Necr      ###.......   8%          3    ###....
s - Song of Slaying       Chrm           ###.....     3%          2    ##.....


Dungeon Overview and Level Annotations

Branches:
Dungeon (10/15)            Temple (1/1) D:5            Lair (0/6) D:10
    Orc: D:9-12

Shops:
D:6 (


Innate Abilities, Weirdness & Mutations

You have an increased reservoir of magic. (+10% MP)
Scrolls take you a little longer to read.
Armour fits poorly on your strangely shaped body.
Your muscles are strong. (Str +2)


Message History

Okay, then.
You feel agile all of a sudden. The orc wizard completely misses you.
You closely miss the orc wizard. The orc wizard barely misses you.
The yak gores you!
* * * LOW HITPOINT WARNING * * *
The orc wizard misses you. The yak misses you.
Unknown command.
Unknown command.
Unknown command.
Really read with blurry vision while enemies are nearby?
Okay, then.
Casting: Ozocubu's Armour
Confirm with . or Enter, or press ? or * to list all spells.
Okay, then.
Your skin is crawling a little less now.
The yak barely misses you.
The orc wizard points at you and mumbles some strange words.
The puff of frost hits you!
You die...

...............#
...............#
...............######
.#####...............
.# +..Z....h.......
.# ........h...... .#
#..#####Y######
#..'..).).o...#
#..#......Y@..#
#......Y...#
#..........#
#..........#
#..........#
#..........#
####....).....#
#......)).....#
#.............#


You could see 3 yaks and an orc wizard.

Vanquished Creatures
  A hydra (D:10)
  A two-headed ogre (D:8)
  2 dream sheep (D:10)
  4 yaks (D:10)
  2 hell hounds (D:10)
  A soldier ant (D:10)
  3 orc warriors
  4 phantoms
  A sky beast (D:7)
  2 ogres
  3 necrophages
  4 centaurs
  3 big kobolds (D:10)
  Blork the orc (D:4)
  5 bullfrogs
  A water moccasin zombie (D:9)
  A water moccasin skeleton (D:10)
  6 scorpions
  5 wights (D:10)
  5 howler monkeys
  3 crimson imps
  A centaur zombie (D:7)
  5 hounds
  2 bullfrog zombies
  3 orc priests
  3 jellies
  7 orc wizards
  A bullfrog skeleton (D:6)
  A centaur skeleton (D:9)
  A gnoll shaman (D:8)
  2 iguanas
  7 worker ants
  Robin (D:4)
  14 adders
  12 gnolls
  A shadow imp (D:9)
  An ooze (D:4)
  An adder zombie (D:9)
  An adder skeleton (D:5)
  4 worms
  3 dart slugs
  7 leopard geckos
  33 orcs
  2 giant cockroaches
  16 goblins
  11 hobgoblins
  13 jackals
  10 quokkas
  4 ball pythons
  11 bats
  3 frilled lizards
  A jackal skeleton (D:4)
  10 kobolds
  2 leopard gecko skeletons
  2 quokka skeletons
  4 rats
258 creatures vanquished.

Notes
Turn   | Place    | Note
-------+----------+-------------------------------------------
     0 | D:1      | Gremour the Demigod Skald began the quest for the Orb.
     0 | D:1      | Reached XP level 1. HP: 17/17 MP: 5/5
   143 | D:1      | Reached XP level 2. HP: 23/24 MP: 7/7
   419 | D:1      | Reached skill level 2 in Long Blades
   570 | D:2      | Learned a level 2 spell: Song of Slaying
   689 | D:2      | Found an ancient bone altar of Kikubaaqudgha.
   689 | D:2      | Found a blossoming altar of Fedhas.
   689 | D:2      | Found a radiant altar of Vehumet.
   743 | D:2      | Found a blossoming altar of Fedhas.
   746 | D:2      | Reached skill level 1 in Armour
   772 | D:2      | Reached XP level 3. HP: 5/29 MP: 5/8
  1410 | D:2      | Found a hazy altar of Hepliaklqana.
  1988 | D:3      | Learned a level 3 spell: Regeneration
  2069 | D:3      | Reached XP level 4. HP: 37/37 MP: 5/9
  2289 | D:3      | Gained mutation: You evolve. [potion of mutation]
  2289 | D:3      | Gained mutation: You have sharp fingernails. [potion of mutation]
  3023 | D:4      | Noticed Blork the orc
  3040 | D:4      | Killed Blork the orc
  3040 | D:4      | Reached skill level 3 in Long Blades
  3040 | D:4      | Reached XP level 5. HP: 18/44 MP: 4/11
  3344 | D:4      | Noticed Robin
  3381 | D:4      | Killed Robin
  3457 | D:4      | Reached skill level 1 in Stealth
  3457 | D:4      | Reached XP level 6. HP: 22/51 MP: 12/12
  4051 | D:4      | Reached skill level 1 in Necromancy
  4071 | D:4      | Gained mutation: Scrolls take you a little longer to read. [evolution]
  4074 | D:4      | Lost mutation: Scrolls take you a little longer to read. [potion of mutation]
  4074 | D:4      | Lost mutation: You have sharp fingernails. [potion of mutation]
  4074 | D:4      | Gained mutation: You are covered in fur. (AC +1) [potion of mutation]
  4074 | D:4      | Gained mutation: You have a beak for a mouth. [potion of mutation]
  4074 | D:4      | Gained mutation: Your natural rate of healing is unusually fast. [potion of mutation]
  4344 | D:5      | Entered Level 5 of the Dungeon
  4577 | D:5      | Reached XP level 7. HP: 51/57 MP: 11/14
  4822 | D:5      | Found a bloodstained altar of Trog.
  4934 | D:5      | Found a staircase to the Ecumenical Temple.
  4953 | Temple   | Entered the Ecumenical Temple
  5176 | D:6      | Found a stormy altar of Qazlal.
  5590 | D:6      | Found Tyofivuhu's Antique Weapon Shop.
  5599 | D:6      | Bought a runed great sword for 199 gold pieces
  5645 | D:6      | Reached XP level 8. HP: 66/66 MP: 10/15
  5892 | D:7      | Found an iron altar of Okawaru.
  5934 | D:7      | Lost mutation: You evolve. [potion of mutation]
  5934 | D:7      | Lost mutation: You are covered in fur. (AC +1) [potion of mutation]
  5934 | D:7      | Lost mutation: Your natural rate of healing is unusually fast. [potion of mutation]
  5934 | D:7      | Gained mutation: Your body sometimes deteriorates upon taking damage. [potion of mutation]
  5934 | D:7      | Gained mutation: Scrolls take you a little longer to read. [potion of mutation]
  5934 | D:7      | Gained mutation: You are dopey. (Int -2) [potion of mutation]
  5935 | D:7      | Lost mutation: Scrolls take you a little longer to read. [potion of mutation]
  5935 | D:7      | Lost mutation: You are dopey. (Int -2) [potion of mutation]
  5935 | D:7      | Lost mutation: Your body sometimes deteriorates upon taking damage. [potion of mutation]
  5935 | D:7      | Lost mutation: You have a beak for a mouth. [potion of mutation]
  5935 | D:7      | Gained mutation: Scrolls take you a little longer to read. [potion of mutation]
  5935 | D:7      | Gained mutation: Armour fits poorly on your strangely shaped body. [potion of mutation]
  5935 | D:7      | Gained mutation: Your muscles are strong. (Str +2) [potion of mutation]
  5999 | D:7      | Reached skill level 4 in Long Blades
  6110 | D:7      | Found a shadowy altar of Dithmenos.
  6571 | D:7      | Reached skill level 5 in Dodging
  6603 | D:7      | Reached skill level 5 in Long Blades
  6856 | D:8      | Found an opulent altar of Gozag.
  6857 | D:8      | Found a sparkling altar of Nemelex Xobeh.
  7227 | D:8      | Noticed a two-headed ogre
  7234 | D:8      | Killed a two-headed ogre
  7234 | D:8      | Reached skill level 6 in Long Blades
  7234 | D:8      | Reached XP level 9. HP: 55/72 MP: 7/17
  7504 | D:8      | Reached skill level 5 in Armour
  7845 | D:9      | Learned a level 3 spell: Ozocubu's Armour
  8077 | D:9      | HP: 5/108 [orc warrior/battleaxe (13)]
  8078 | D:9      | Reached skill level 1 in Ice Magic
  8436 | D:9      | Found a snail-covered altar of Cheibriados.
  8671 | D:9      | Found a sacrificial altar of Ru.
  8914 | D:10     | Entered Level 10 of the Dungeon
  8914 | D:10     | Found a staircase to the Lair.
  9042 | D:6      | Bought a twisted great mace for 241 gold pieces
  9046 | D:6      | Identified the cursed +1 great mace of the Six Songs {crush, rN+} (You bought it in a shop on level 6 of the Dungeon)
  9159 | D:10     | Reached skill level 7 in Long Blades
  9238 | D:10     | Reached skill level 1 in Maces & Flails
  9355 | D:10     | Reached skill level 5 in Fighting
  9428 | D:10     | Reached XP level 10. HP: 27/81 MP: 14/19
  9744 | D:10     | Noticed a three-headed hydra
  9752 | D:10     | Killed a one-headed hydra
 10114 | D:10     | Reached skill level 5 in Maces & Flails
 10322 | D:10     | HP: 1/81 [yak (11)]
 10323 | D:10     | Killed from afar by an orc wizard

Skill      XL: |  1  2  3  4  5  6  7  8  9 10 |
---------------+-------------------------------+-----
Fighting       | 2 3 4 5 |  5.3
Long Blades    | 2 3 6 7 |  7.0
Charms         | 3 4 |  4.9
Armour         | 1 2 3 4 5 6 |  6.2
Spellcasting   | 2 3 |  3.8
Dodging        | 2 3 4 5 |  5.1
Stealth        | 1 |  1.6
Necromancy     | 1 2 3 4 |  4.0
Ice Magic      | 1 3 |  3.0
Maces & Flails | 2 5 |  5.6

Action                   |  1- 3 |  4- 6 |  7- 9 | 10-12 || total
-------------------------+-------+-------+-------+-------++-------
Melee: Falchion          |   160 |    55 |       |     4 ||   219
       Short sword       |       |   158 |   112 |       ||   270
       Peck              |       |     7 |    35 |       ||    42
       Great sword       |       |       |   252 |     4 ||   256
       Great mace        |       |       |    78 |    80 ||   158
 Cast: Infusion          |     3 |     9 |    17 |     1 ||    30
       Regeneration      |       |     6 |     5 |     3 ||    14
       Song of Slaying   |       |     3 |    14 |     6 ||    23
       Ozocubu's Armour  |       |       |       |     2 ||     2
  Use: Potion            |     2 |     3 |     8 |     2 ||    15
       Scroll            |       |     3 |    11 |     4 ||    18
 Stab: Sleeping          |     1 |     3 |       |       ||     4
       Paralysed         |       |       |     1 |       ||     1
  Eat: Chunk             |     4 |     8 |     9 |     1 ||    22
       Fruit             |       |     2 |     2 |       ||     4
       Meat ration       |       |       |     2 |       ||     2
Armor: Leather armour    |    53 |    41 |    12 |       ||   106
       Scale mail        |       |       |   101 |       ||   101
       Skin              |       |       |    12 |       ||    12
       Plate armour      |       |       |   193 |    52 ||   245
       Robe              |       |       |       |    17 ||    17
Dodge: Dodged            |   120 |   135 |   354 |    67 ||   676
       Rpst.: Falchion   |    41 |    13 |       |     1 ||    55
       Great sword       |       |       |    44 |     1 ||    45
